 Dungeon Crawl Stone Soup version 0.20.1-1-g8b1a95d (console) character file.

525 bli the Skirmisher (level 7, -1/66 HPs)
             Began as a White Draconian Wanderer on July 30, 2017.
             Was an Initiate of Makhleb.
             Shot with an arrow by a centaur (5 damage)
             ... on level 5 of the Dungeon.
             The game lasted 00:19:43 (4094 turns).

bli the Skirmisher (White Draconian Wanderer)       Turns: 4094, Time: 00:19:44

Health: -1/66      AC:  6    Str: 13    XL:     7   Next: 2%
Magic:  7/7        EV: 14    Int: 12    God:    Makhleb [......]
Gold:   247        SH:  0    Dex: 14    Spells: 6/6 levels left

rFire    . . .     SeeInvis .   a - +2 hand axe
rCold    + . .     Gourm    .   (no shield)
rNeg     + . .     Faith    .   (armour unavailable)
rPois    .         Spirit   .   (helmet restricted)
rElec    .         Reflect  .   (no cloak)
rCorr    .         Harm     .   (no gloves)
MR       .....                  (no boots)
Stlth    +.........             (no amulet)
Regen    0.3/turn               i - ring of positive energy
MPRegen  0.1/turn               (no ring)

@: short of breath
A: breathe frost, unfitting armour, cold resistance 1, cold-blooded, AC +6
a: Breathe Frost, Renounce Religion


You were on level 5 of the Dungeon.
You worshipped Makhleb.
Makhleb was noncommittal.
You were not hungry.

You visited 1 branch of the dungeon, and saw 5 of its levels.

You collected 247 gold pieces.

Inventory:

Hand Weapons
 a - a +2 hand axe (weapon)
 b - the +1 hunting sling "bli's Regret" {freeze, rElec rN+ Int+4 Dex-2}
   (You found it on level 4 of the Dungeon)

   It causes projectiles fired from it to freeze those they strike, causing
   extra injury to most foes and up to half again as much damage against
   particularly susceptible opponents.
   They can also slow down cold-blooded creatures.
   It affects your intelligence (+4).
   It affects your dexterity (-2).
   It insulates you from electricity.
   It protects you from negative energy.
 t - a +0 trident
 y - a +2 falchion of flaming
Missiles
 g - 133 stones (quivered)
 z - 13 sling bullets
Armour
 n - a +0 large shield
Jewellery
 i - a ring of positive energy (left hand)
Wands
 q - a wand of random effects (22/48)
Scrolls
 e - a scroll of identify
 f - 2 scrolls of enchant weapon {unknown}
 k - 2 scrolls of magic mapping {unknown}
 v - 3 scrolls of amnesia {unknown}
 x - 2 scrolls of teleportation
Potions
 c - 2 potions of curing
 j - a potion of brilliance {unknown}
 l - 2 potions of flight {unknown}
 m - 2 potions of might {unknown}
 p - a potion of ambrosia {unknown}
 s - 2 potions of heal wounds {unknown}
 w - 2 potions of lignification {unknown}
Books
 r - a book of Misfortune

   Spells                             Type                      Level
   a - Confusing Touch                Hexes                        1
   b - Confuse                        Hexes                        3
   c - Gell's Gravitas                Translocation                3
   d - Petrify                        Transmutation/Earth          4
   e - Metabolic Englaciation         Hexes/Ice                    5
   f - Yara's Violent Unravelling     Hexes/Transmutation          5
Comestibles
 d - 6 bread rations
 h - 3 meat rations
 o - a fruit
 u - 3 chunks of flesh


   Skills:
 + Level 7.4 Fighting
 - Level 3.0 Axes
 + Level 1.4(1.6) Slings
 - Level 1.0(1.3) Throwing
 * Level 4.1 Dodging
 * Level 2.4 Shields
 + Level 1.0 Evocations


You had 6 spell levels left.
You didn't know any spells.

Dungeon Overview and Level Annotations

Branches:
Dungeon (5/15)
 Temple: D:4-7

Altars:
Hepliaklqana
Makhleb

Annotations:
D:4 Sigmund


Innate Abilities, Weirdness & Mutations

You can breathe waves of freezing cold.
You can buffet flying creatures when you breathe cold.
Your icy white scales are hard. (AC +6)
You cannot fit into any form of body armour.
Your flesh is cold resistant. (rC+)
You are cold-blooded and may be slowed by cold attacks.


Message History

There is a stone staircase leading up here.
u - 2 chunks of flesh (gained 1)
There is a stone staircase leading up here.
u - 3 chunks of flesh (gained 1)
k - 2 scrolls labeled KIYGAC XYPSYWN
Found an escape hatch in the ceiling.
A jackal and a centaur come into view.
The centaur shouts!
The jackal moves out of view.
The centaur wields a shortbow.
The centaur shoots an arrow.
The arrow misses you.
A jackal and 2 orcs come into view.
Things that are here:
an arrow; a hunting sling The orc moves out of view.
The centaur shoots an arrow.
The arrow hits you!
* * * LOW HITPOINT WARNING * * *
You see here an arrow.
Press: ? - help, Shift-Dir - straight line You exhale a wave of freezing cold.
You feel somewhat more hungry.
The centaur shoots an arrow.
The arrow hits you.
* * * LOW HITPOINT WARNING * * *
The centaur shoots an arrow.
The arrow hits you.
You die...

########## #........#
#........# #........#
#........# #........#
#####........###.#..
....................
..####<#@#..#####<##.
+.........((.c.....
####...##...h......
###.##+####..... ....
..c. ....... .o.
......... ..
......$... o ......
....


You could see a centaur and a jackal.

Vanquished Creatures
  A phantom (D:4)
  4 hounds
  An orc priest (D:4)
  3 orc wizards (D:4)
  2 worker ants
  3 gnolls (D:2)
  4 adders
  2 oozes
  3 dart slugs
  2 leopard geckos
  5 orcs (D:4)
  9 bats
  4 giant cockroaches
  7 goblins
  6 hobgoblins
  2 jackals (D:3)
  A kobold (D:1)
  A quokka (D:2)
  2 ball pythons
  8 frilled lizards
  14 rats
84 creatures vanquished.

Notes
Turn   | Place    | Note
-------+----------+-------------------------------------------
     0 | D:1      | bli the Draconian Wanderer began the quest for the Orb.
     0 | D:1      | bli set off with: a +2 hand axe, a scroll of teleportation, a potion of curing, a bread ration
     0 | D:1      | Reached XP level 1. HP: 23/23 MP: 1/1
   288 | D:1      | Reached XP level 2. HP: 30/30 MP: 2/2
   400 | D:1      | Reached skill level 6 in Fighting
   421 | D:1      | Reached skill level 1 in Dodging
   720 | D:1      | Reached XP level 3. HP: 37/37 MP: 3/3
  1673 | D:2      | Reached XP level 4. HP: 36/44 MP: 4/4
  2380 | D:3      | Found a hazy altar of Hepliaklqana.
  2421 | D:3      | Reached skill level 1 in Shields
  2994 | D:2      | You fall through a shaft!
  3039 | D:4      | Found a burning altar of Makhleb.
  3044 | D:4      | Reached XP level 5. HP: 35/51 MP: 5/5
  3049 | D:4      | Became a worshipper of Makhleb the Destroyer
  3164 | D:4      | Got a translucent hunting sling
  3197 | D:4      | Identified the cursed +1 hunting sling "bli's Regret" {freeze, rElec rN+ Int+4 Dex-2} (You found it on level 4 of the Dungeon)
  3442 | D:4      | Noticed a phantom
  3469 | D:4      | Killed a phantom
  3469 | D:4      | Reached skill level 7 in Fighting
  3469 | D:4      | Reached XP level 6. HP: 36/60 MP: 6/6
  3828 | D:4      | Reached skill level 1 in Slings
  3993 | D:4      | Noticed Sigmund
  4030 | D:5      | Entered Level 5 of the Dungeon
  4058 | D:5      | Your scales start taking on an icy white colour.
  4058 | D:5      | Reached XP level 7. HP: 13/66 MP: 7/7
  4058 | D:5      | Gained mutation: Your flesh is cold resistant. (rC+) [White Draconian growth]
  4090 | D:5      | HP: 3/66 [centaur/arrow (5)]
  4094 | D:5      | Shot with an arrow by a centaur

Skill      XL: |  1  2  3  4  5  6 |
---------------+-------------------+-----
Fighting       | 6 7 |  7.4
Dodging        | 1 2 3 4 |  4.1
Shields        | 1 2 |  2.4
Slings         | 1 |  1.4
Axes           | |  3.0
Throwing       | |  1.0
Evocations     | |  1.0

Action                   |  1- 3 |  4- 6 |  7- 9 || total
-------------------------+-------+-------+-------++-------
Melee: Hand axe          |    88 |   160 |       ||   248
       Tailslap          |    11 |    17 |       ||    28
       Quarterstaff      |    24 |       |       ||    24
 Fire: Hunting sling     |       |    31 |       ||    31
Throw: Stone             |     3 |     3 |       ||     6
 Abil: Breathe Frost     |       |       |     1 ||     1
  Use: Scroll            |     2 |     2 |       ||     4
       Potion            |       |     1 |       ||     1
 Stab: Sleeping          |     1 |       |       ||     1
  Eat: Chunk             |     2 |     8 |       ||    10
Armor: Skin              |    26 |    40 |       ||    66
Dodge: Dodged            |    66 |   142 |     1 ||   209
